 Dungeon Crawl Stone Soup version 0.29-a0-380-gf50f0a9fbc (webtiles) character file.

Game seed: 11391783931117817480

45 Antichthon the Skirmisher (level 3, 0/43 HPs)
             Began as a Formicid Abyssal Knight on May 5, 2022.
             Was a Believer of Lugonu.
             Slain by an orc priest
             ... wielding a +0 short sword
              (1 damage)
             ... on level 3 of the Dungeon.
             The game lasted 00:02:07 (1779 turns).

Antichthon the Skirmisher (Formicid Abyssal Knight) Turns: 1779, Time: 00:02:08

Health: 0/43       AC: 21    Str: 17    XL:     3   Next: 90%
Magic:  4/4        EV:  2    Int:  9    God:    Lugonu [**....]
Gold:   62         SH:  0    Dex: 13    Spells: 2/2 levels left

rFire   + . .      SeeInvis .   a - +1 mace
rCold   + . .      Faith    .   (no shield)
rNeg    . . .      Spirit   .   (body armour currently unavailable)
rPois   +          Reflect  .   (helmet unavailable)
rElec   +          Harm     .   (cloak currently unavailable)
rCorr   +          Rampage  .   (gloves currently unavailable)
Will    .....                   (boots currently unavailable)
Stlth   +.........              (no amulet)
HPRegen 0.14/turn               g - +4 ring of slaying
MPRegen 0.09/turn               (no ring)

@: tree-form, resistant, attractive, invisible
A: stationary, stasis, torment immunity, boosted hp, permanent stasis, dig
shafts and tunnels, (antennae 3), four strong arms
a: Renounce Religion, Depart the Abyss, Bend Space


You were on level 3 of the Dungeon.
You worshipped Lugonu.
Lugonu was pleased with you.
You were a tree.
You visited 1 branch of the dungeon, and saw 3 of its levels.
You visited the Abyss 1 time.

You collected 62 gold pieces.

Inventory:

Hand Weapons
 a - a +1 mace (weapon)
Missiles
 d - a throwing net
Armour
 f - a +0 cloak (melded)
 h - the +0 ring mail "Hilobb" (melded) {Rampage Str+3 Dex-2 SInv}
   (You found it on level 2 of the Dungeon)

   Str:       It affects your strength (+3).
   Dex:       It affects your dexterity (-2).
   SInv:      It lets you see invisible.
   Rampage:   It bestows one free step when moving towards enemies.
Jewellery
 g - a +4 ring of slaying (left branch)
Scrolls
 c - 2 scrolls of identify {unknown}
Potions
 k - a potion of resistance
 l - a potion of might {unknown}


   Skills:
 - Level 3.2 Fighting
 - Level 2.0 Maces & Flails
 * Level 3.1 Crossbows
 - Level 2.1 Armour
 - Level 0.8 Dodging
 - Level 2.1 Invocations


You had 2 spell levels left.
You didn't know any spells.
Your spell library contained the following spells:

 Spells                   Type           Power      Damage    Failure   Level
 Beastly Appendage        Tmut           0%         N/A       38%         1
 Sandblast                Erth           0%         2d4       38%         1
 Passwall                 Tmut/Erth      0%         N/A       52%         2
 Wereblood                Tmut           0%         N/A       52%         2
 Spider Form              Tmut/Pois      0%         N/A       77%         3
 Stone Arrow              Conj/Erth      0%         3d7       77%         3


Dungeon Overview and Level Annotations

Branches:
Dungeon (3/15)

Altars:


Innate Abilities, Weirdness & Mutations

You are a tree.
Your roots penetrate the ground, keeping you stationary.
You cannot be teleported.
You are immune to unholy pain and torment.
Your maximum health is greatly increased.
Your equipment is partially melded.
You cannot be hasted, slowed, berserked, paralysed or teleported.
You can dig through walls and to a lower floor.
((You have a pair of large antennae on your head. (SInv)))
Your four strong arms can wield two-handed weapons with a shield.


Message History

Beogh smites you!
* * * LOW HITPOINT WARNING * * *
The orc priest barely misses you. The orc hits you but does no damage.
Okay, then.
You barely miss the orc priest.
The orc priest is lightly wounded.
The orc hits you with a +0 club.
* * * LOW HITPOINT WARNING * * *
The orc priest barely misses you.
Unknown command.
You hit the orc priest but do no damage.
The orc priest is lightly wounded.
The orc hits you but does no damage.
The orc priest hits you with a +0 short sword.
* * * LOW HITPOINT WARNING * * *
Unknown command.
It was a potion of resistance.
You feel protected.
The orc priest hits you but does no damage.
The orc hits you but does no damage.
It was a potion of haste.
Your stasis prevents you from being hasted.
The orc hits you with a +0 club.
* * * LOW HITPOINT WARNING * * *
The orc priest completely misses you.
It was a potion of lignification.
You turn into a tree.
Your +0 cloak melds into your body.
The +0 ring mail "Hilobb" {Rampage Str+3 Dex-2 SInv} melds into your body.
Your roots penetrate the ground.
The orc priest hits you but does no damage.
The orc hits you but does no damage.
It was a potion of invisibility.
You fade into invisibility!
The orc priest hits you but does no damage.
The orc hits you but does no damage.
It was a potion of attraction.
You feel attractive to monsters. The orc hits you but does no damage.
The orc priest hits you with a +0 short sword.
You die...

### ..# #.#
#.#
##.##o#######
#....♣.<)...#
#..##o#####.#
... #.# .# .
..# .# .###
.# .# !. #.
## #


You could see an orc priest (can't see you) and an orc (can't see you).

Vanquished Creatures
  An adder (D:2)
  A worm (D:2)
  2 orcs (D:3)
  2 bats (D:1)
  4 endoplasms
  A giant cockroach (D:1)
  3 hobgoblins
  A kobold (D:1)
  A quokka (D:1)
  3 ball pythons (D:2)
  4 frilled lizards
  2 goblins
  4 rats
29 creatures vanquished.

Vanquished Creatures (others)
  2 plants (D:1)
2 creatures vanquished.

Grand Total: 31 creatures vanquished

Notes
Turn   | Place    | Note
-------+----------+-------------------------------------------
     0 | Abyss:1  | Antichthon the Formicid Abyssal Knight began the quest for
                  | the Orb.
     0 | Abyss:1  | Reached XP level 1. HP: 18/18 MP: 2/2
    65 | Abyss:1  | Noticed a sixfirhy
    65 | Abyss:1  | Noticed a spatial maelstrom
    66 | D:1      | Escaped the Abyss
   260 | D:1      | Reached ** piety under Lugonu
   261 | D:1      | Reached skill level 1 in Crossbows
   440 | D:1      | Reached XP level 2. HP: 23/24 MP: 3/3
  1104 | D:2      | Identified the +0 ring mail "Hilobb" {Rampage Str+3 Dex-2
                  | SInv}
  1155 | D:2      | Reached XP level 3. HP: 29/29 MP: 4/4
  1160 | D:2      | Found a faded altar of an unknown god.
  1774 | D:3      | HP: 1/29 [orc priest/+0 short sword (1)]
  1779 | D:3      | Slain by an orc priest

Illustrated notes

Levels and vault maps discovered:
D:1:      minmay_arrival_stair_chambers, layout_rooms, dk_noncrumbling_2,
          kennysheep_boxes
D:2:      layout_loops_ring, nicolae_ecumenical_snake_handling
D:3:      layout_loops_corners, ashenzari_altar_1, mainiacjoe_overflow_alcove_1,
          uniq_terence, uniq_natasha

Skill      XL: |  1  2  3 |
---------------+----------+-----
Crossbows      | 1 2 3 |  3.1
Fighting       | |  3.2
Maces & Flails | |  2.0
Armour         | |  2.1
Dodging        | |  0.8
Invocations    | |  2.1

Action                   || total
-------------------------++-------
Melee: Mace              ||    72
Invok: Depart the Abyss  ||     1
  Use: Potion            ||     5
Armor: Leather armour    ||    19
       Ring mail         ||    14
       Skin              ||     5
Dodge: Dodged            ||    44

Table legend: (Time is in decaauts)
 A = Elapsed time spent in this place.
 B = Non-inter-level travel time spent in this place.
 C = Inter-level travel time spent in this place.
 D = Time resting spent in this place.
 E = Time spent auto-exploring this place.
 F = Levels seen in this place.
 G = Mean time per level.
                   A        B        C        D        E       F      G
               +--------+--------+--------+--------+--------+-----+--------+
         Total |   1799 |   1763 |     36 |      0 |   1459 |   4 |  449.8 |
       Dungeon |   1733 |   1697 |     36 |      0 |   1395 |   3 |  577.7 |
         Abyss |     66 |     66 |      0 |      0 |     64 |   1 |   66.0 |
               +--------+--------+--------+--------+--------+-----+--------+

Top non-repeatable levels by time:
     D:1: 895 daAuts
     D:2: 814 daAuts
 Abyss:1: 66 daAuts
     D:3: 23 daAuts
